 Dungeon Crawl Stone Soup version 0.24-a0-584-g9d6b971ae4 (webtiles) character file.

Game seed: 8025672774857549682, levelgen mode: deterministic

1320 Gynju the Thaumaturge (level 8, -1/48 HPs)
             Began as a Deep Elf Wizard on Sept 4, 2019.
             Was an Initiate of Kikubaaqudgha.
             Shot with an arrow by a centaur (5 damage)
             ... on level 5 of the Dungeon.
             The game lasted 00:23:00 (9330 turns).

Gynju the Thaumaturge (Deep Elf Wizard)             Turns: 9330, Time: 00:23:01

Health: -1/48      AC:  4    Str:  4    XL:     8   Next: 33%
Magic:  20/22      EV: 13    Int: 26    God:    Kikubaaqudgha [......]
Gold:   301        SH:  5    Dex: 13    Spells: 16/24 levels left

rFire    . . .     SeeInvis +   v - +3 whip (venom)
rCold    . . .     Gourm    .   r - +0 buckler
rNeg     . . .     Faith    .   a - +0 robe
rPois    .         Spirit   .   p - +1 helmet
rElec    .         Reflect  .   (no cloak)
rCorr    .         Harm     .   (no gloves)
MR       .....                  (no boots)
Stlth    ++........             l - amulet of regeneration
HPRegen  0.56/turn              h - ring of see invisible
MPRegen  0.18/turn              (no ring)

@: no status effects
A: no striking features
a: Renounce Religion


You were on level 5 of the Dungeon.
You worshipped Kikubaaqudgha.
Kikubaaqudgha was noncommittal.
You were not hungry.

You visited 1 branch of the dungeon, and saw 5 of its levels.

You collected 301 gold pieces.

Inventory:

Hand Weapons
 v - a +3 whip of venom (weapon)
Armour
 a - a +0 robe (worn)
 p - a +1 helmet (worn)
 r - a +0 buckler (worn)
Jewellery
 h - a ring of see invisible (left hand)
 l - an amulet of regeneration (around neck)
Scrolls
 b - a scroll of blinking {unknown}
 e - a scroll of identify
 k - a scroll of enchant weapon
 m - a scroll of teleportation
 s - 2 scrolls of fear
 u - a scroll of enchant armour
 w - a scroll of magic mapping
Potions
 c - 4 potions of haste
 f - 2 potions of mutation
 g - 3 potions of agility
 i - 2 potions of resistance {unknown}
 j - a potion of magic {unknown}
 n - a potion of might {unknown}
 o - 3 potions of curing
 q - a potion of flight {unknown}
 t - 2 potions of lignification {unknown}
 x - a potion of cancellation {unknown}
 A - a potion of brilliance {unknown}
Comestibles
 d - 12 rations
 z - 3 chunks of flesh


   Skills:
 + Level 3.8 Fighting
 - Level 2.4 Dodging
 - Level 2.4 Stealth
 - Level 4.0 Shields
 + Level 8.5 Spellcasting
 + Level 4.4 Conjurations
 - Level 1.8 Summonings
 + Level 1.1 Necromancy
 - Level 1.8 Translocations


You had 16 spell levels left.
You knew the following spells:

 Your Spells              Type           Power        Failure   Level  Hunger
a - Magic Dart            Conj           ####         1%          1    None
b - Blink                 Tloc           N/A          3%          2    None
c - Call Imp              Summ           ###.....     3%          2    None
d - Conjure Flame         Conj/Fire      ###.....     6%          3    None

Your spell library contained the following spells:

 Spells                   Type           Power        Failure   Level  Hunger
 Slow                     Hex            ##......     9%          2    None
 Mephitic Cloud           Conj/Pois/Air  ###.....     9%          3    None


Dungeon Overview and Level Annotations

Branches:
Dungeon (5/15)
 Temple: D:4-7

Altars:
Elyvilon
Fedhas
Hepliaklqana
Kikubaaqudgha

Shops:
D:4 =


Message History

A centaur and an ogre come into view.
The centaur shouts!
The ogre shouts!
The centaur wields a +0 shortbow.
The centaur shoots an arrow.
The arrow hits you!
You see here an arrow.
The centaur shoots an arrow.
The arrow hits you.
You see here an arrow.
The centaur shoots an arrow.
The arrow hits you!
You see here an arrow.
The centaur shoots an arrow.
The arrow hits you!!
* * * LOW HITPOINT WARNING * * *
Casting: Magic Dart (safe; 1% risk of failure)
Confirm with . or Enter, or press ? or * to list all spells.
A beastly little devil appears in a puff of frigid air.
The centaur shoots an arrow.
The arrow hits you.
* * * LOW HITPOINT WARNING * * *
The centaur shoots an arrow.
The arrow hits you but does no damage.
The centaur shoots an arrow.
The arrow hits you.
You die...
Kikubaaqudgha rasps: "You have failed me!
Welcome... death!"

.# ##.......## .# #. .#
##.....## O# #. .#
##...## .# #. .# #+##
.#. ## #.# #.#
########.# #c#
......##.## #.#
.####.#...###########c#
.## #..........5@((.(.#
..###.#...#.###########
............#
..###.##.#### .##
#.##.# .####.##.#
......##.# .#####...#
.#####.#.#####


You could see a centaur and a friendly white imp.

Vanquished Creatures
  A sky beast (D:5)
  2 ogres
  A centaur (D:5)
  2 scorpions (D:4)
  A howler monkey (D:5)
  A crimson imp (D:5)
  2 orc priests (D:4)
  A gnoll shaman (D:2)
  A jelly (D:5)
  An orc wizard (D:3)
  2 worker ants
  Robin (D:2)
  41 gnolls
  5 adders
  3 leopard geckos
  12 orcs
  8 bats
  11 giant cockroaches
  7 hobgoblins
  24 jackals
  2 quokkas
  A frilled lizard (D:2)
  17 goblins
  A jackal skeleton (D:4)
  6 kobolds
  6 rats
160 creatures vanquished.

Vanquished Creatures (collateral kills)
  Terence (D:2)
  4 gnolls (D:3)
  3 adders
  A leopard gecko (D:2)
9 creatures vanquished.

Grand Total: 169 creatures vanquished

Notes
Turn   | Place    | Note
-------+----------+-------------------------------------------
     0 | D:1      | Gynju the Deep Elf Wizard began the quest for the Orb.
     0 | D:1      | Reached XP level 1. HP: 10/10 MP: 7/7
   420 | D:1      | Reached XP level 2. HP: 15/15 MP: 6/9
   516 | D:1      | Learned a level 2 spell: Blink
   519 | D:1      | Learned a level 2 spell: Call Imp
   797 | D:1      | You fall into a shaft and drop 1 floor!
   804 | D:2      | Reached skill level 5 in Spellcasting
   977 | D:2      | Reached XP level 3. HP: 19/19 MP: 3/11
  1507 | D:2      | Noticed Robin
  1697 | D:2      | Killed Robin
  2188 | D:2      | Reached XP level 4. HP: 24/24 MP: 3/13
  2906 | D:3      | Found a hazy altar of Hepliaklqana.
  3372 | D:3      | Reached skill level 1 in Shields
  3376 | D:3      | Reached XP level 5. HP: 28/28 MP: 0/15
  3609 | D:3      | Found a blossoming altar of Fedhas.
  3702 | D:3      | Reached skill level 1 in Fighting
  3781 | D:3      | Noticed Terence
  3840 | D:2      | Killed Terence
  3990 | D:3      | Reached skill level 6 in Spellcasting
  4340 | D:3      | Reached XP level 6. HP: 31/34 MP: 3/17
  5538 | D:3      | Reached XP level 7. HP: 14/40 MP: 1/19
  6304 | D:3      | Reached skill level 7 in Spellcasting
  6340 | D:3      | Learned a level 3 spell: Conjure Flame
  7192 | D:4      | Found Daihuet's Jewellery Boutique.
  7763 | D:5      | Entered Level 5 of the Dungeon
  8304 | D:4      | Reached XP level 8. HP: 46/46 MP: 19/21
  8392 | D:5      | Reached skill level 8 in Spellcasting
  8738 | D:5      | Found a white marble altar of Elyvilon.
  8739 | D:5      | Found an ancient bone altar of Kikubaaqudgha.
  8790 | D:5      | Became a worshipper of Kikubaaqudgha
  9081 | D:5      | Reached skill level 1 in Necromancy
  9330 | D:5      | Shot with an arrow by a centaur

Levels and vault maps discovered:
D:1:      minmay_arrival_wavy_path, layout_loops_ring, roderic_serpentine_path,
          lemuel_flame_loot_1
D:2:      minmay_roachtagon, layout_basic, first_ration, uniq_robin
D:3:      lemuel_castle_with_subvaults [lemuel_castle_interior_original],
          layout_loops_ring, lemuel_crystal_altar, fedhas_altar_2, uniq_terence
D:4:      layout_basic, serial_shops, shop
D:5:      layout_loops_corners, gammafunk_temple_overflow_statue,
          kennysheep_crisscross

Skill      XL: |  1  2  3  4  5  6  7  8 |
---------------+-------------------------+-----
Conjurations   | 2 3 4 |  4.4
Spellcasting   | 5 6 7 8 |  8.5
Shields        | 1 2 3 4 |  4.0
Fighting       | 1 2 3 |  3.8
Necromancy     | 1 |  1.1
Dodging        | |  2.4
Stealth        | |  2.4
Summonings     | |  1.8
Translocations | |  1.8

Action                   |  1- 3 |  4- 6 |  7- 9 || total
-------------------------+-------+-------+-------++-------
Melee: Hand axe          |     6 |    21 |       ||    27
 Cast: Magic Dart        |    77 |   267 |   208 ||   552
       Call Imp          |     1 |     6 |     9 ||    16
       Blink             |     1 |     3 |     1 ||     5
  Use: Scroll            |       |       |    10 ||    10
  Eat: Chunk             |     4 |    10 |    11 ||    25
Armor: Robe              |     4 |    24 |     3 ||    31
Dodge: Dodged            |    32 |    86 |    41 ||   159
Block: Buckler           |       |    10 |    15 ||    25

Table legend:
 A = Non-vault XP
 B = Vault XP
 C = Vault XP percentage of total XP
 D = Non-vault monster count
 E = Vault monster count
 F = Vault count percentage of total count
                 A         B        C        D         E       F
            +---------+---------+-------+---------+---------+-------
      Total |    1000 |     886 |  47.0 |      86 |      83 |  49.1
            +---------+---------+-------+---------+---------+-------
        D:1 |      14 |       8 |  36.4 |       8 |       4 |  33.3
        D:2 |      51 |     125 |  71.0 |      24 |      20 |  45.5
        D:3 |     138 |     753 |  84.5 |      27 |      59 |  68.6
        D:4 |     339 |       0 |   0.0 |      13 |       0 |   0.0
        D:5 |     458 |       0 |   0.0 |      14 |       0 |   0.0
            +---------+---------+-------+---------+---------+-------
